 Dungeon Sprint DCSS version 0.29-a0-824-gd827844252 (webtiles) character file.

Game seed: 12034531262902402826

654 Garessta the Fighter (level 7, -13/69 HPs)
             Began as a Demonspawn Fighter on July 10, 2022.
             Was an Initiate of Gozag.
             Mangled by a two-headed ogre
             ... wielding a +0 giant spiked club
              (34 damage)
             ... in the Dungeon (Sprint IX: "|||||||||||||||||||||||||||||").
             The game lasted 00:03:25 (215 turns).

Garessta the Fighter (Demonspawn Fighter)            Turns: 215, Time: 00:03:25

Health: -13/69     AC: 11    Str: 16    XL:     7   Next: 29%
Magic:  7/7        EV:  8    Int: 12    God:    Gozag
Gold:   0          SH:  4    Dex: 12    Spells: 6/6 levels left

rFire   . . .      SeeInvis .   o - +2 halberd (vamp)
rCold   . . .      Faith    .   (shield currently unavailable)
rNeg    . . .      Spirit   .   c - +1 chain mail
rPois   .          Reflect  .   (no helmet)
rElec   .          Harm     .   (no cloak)
rCorr   .          Rampage  .   (no gloves)
Will    .....      NoTele   +   (no boots)
Stlth   ..........              (no amulet)
HPRegen 0.21/turn               m - +2 ring of protection
MPRegen 0.20/turn               n - +2 ring of evasion

@: gold aura
A: large bone plates 1, demonic guardian 2, magic regeneration
a: Renounce Religion, Potion Petition, Call Merchant, Bribe Branch


You were in the Dungeon.
You worshipped Gozag.
Gozag was noncommittal.
You visited 1 branch

Inventory:

Hand Weapons
 o - a +2 vampiric halberd (weapon)
Armour
 c - a +1 chain mail (worn)
Jewellery
 m - a +2 ring of protection (left hand)
 n - a +2 ring of evasion (right hand)
Wands
 l - a wand of quicksilver (10)
Scrolls
 j - 2 scrolls of blinking
 k - 2 scrolls of amnesia
Potions
 d - a potion of might
 e - 5 potions of curing
 f - 2 potions of heal wounds
 g - a potion of haste
 h - 4 potions of magic
 i - a potion of invisibility


   Skills:
 + Level 11.6 Fighting
 + Level 10.5 Polearms
 - Level 2.6 Armour
 - Level 2.6 Shields


You had 6 spell levels left.
You didn't know any spells.
Your spell library was empty.

Dungeon Overview and Level Annotations

Branches:
Dungeon (1/1)

Altars:
Cheibriados
Dithmenos
Fedhas
Gozag
Hepliaklqana
Kikubaaqudgha
Makhleb
Nemelex Xobeh
Okawaru
Qazlal
Ru
Sif Muna
Trog
Uskayaw
Vehumet
Wu Jian
Xom
Yredelemnul
Jiyva
Lugonu


Innate Abilities, Weirdness & Mutations

You are partially covered in large bone plates. (SH +4)
A demonic guardian rushes to your aid.
You regenerate magic rapidly.


Message History

Your Polearms skill increases to level 10!
You have reached level 7!
Your demonic ancestry asserts itself...
Your guardian grows in power.
You puncture the kobold brigand!
You feel better.
The kobold brigand is severely wounded.
The kobold brigand hits you but does no damage.
You barely miss the kobold brigand.
The kobold brigand is severely wounded.
The kobold brigand hits you but does no damage.
You slash the kobold brigand!
You feel better.
You kill the kobold brigand!
You hit the two-headed ogre but do no damage.
The two-headed ogre barely misses you.
The two-headed ogre hits you with a +0 giant club!
You feel much better. You block the two-headed ogre's attack.
The two-headed ogre hits you with a +0 giant club!
You slash the two-headed ogre!
The two-headed ogre is moderately wounded.
You barely miss the two-headed ogre.
The two-headed ogre is moderately wounded.
The two-headed ogre hits you with a +0 giant spiked club!
You block the two-headed ogre's attack.
You slice the two-headed ogre!!
You feel better.
The two-headed ogre is severely wounded.
The centaur is distracted by your dazzling golden aura.
The two-headed ogre barely misses you.
The two-headed ogre hits you with a +0 giant club.
The centaur shouts!
You puncture the two-headed ogre!
You feel better.
The two-headed ogre is almost dead.
You completely miss the two-headed ogre.
The two-headed ogre is almost dead.
The two-headed ogre hits you with a +0 giant spiked club!
The two-headed ogre hits you with a +0 giant club!
You hit the two-headed ogre but do no damage.
The two-headed ogre is almost dead.
The two-headed ogre hits you with a +0 giant spiked club!!
You die...
Your body crumbles into a pile of gold.

$
▓.▓
$
▓.▓
$
▓.▓
$
▓$▓
▓.▓
$
▓c▓
▓c▓
$
▓O▓
▓@▓
$
▓.▓
$
▓[▓
$
▓.▓
$
▓.▓
$
▓'▓
▓_▓
$
▓_▓
$
▓_▓


You could see a two-headed ogre and 2 centaurs.

Vanquished Creatures
  A troll (D)
  A black bear (D)
  A centaur (D)
  A phantom (D)
  A kobold brigand (D)
  A scorpion (D)
  A howler monkey (D)
  An iguana (D)
  2 giant cockroaches (D)
  A hobgoblin (D)
  2 kobolds (D)
13 creatures vanquished.

Notes
Turn   | Place    | Note
-------+----------+-------------------------------------------
     0 | D        | Garessta the Demonspawn Fighter began the quest for the
                  | Orb.
     0 | D        | Reached XP level 1. HP: 18/18 MP: 1/1
    37 | D        | Noticed an iguana
    37 | D        | Noticed a scorpion
    37 | D        | Noticed a centaur
    37 | D        | Noticed a black bear
    37 | D        | Noticed a phantom
    44 | D        | Killed a phantom
    45 | D        | Reached skill level 6 in Fighting
    45 | D        | Reached skill level 5 in Polearms
    45 | D        | Gained mutation: A weak demonic guardian rushes to your
                  | aid. [demonic ancestry]
    45 | D        | Reached XP level 2. HP: 29/29 MP: 2/2
    45 | D        | Gained mutation: You regenerate magic rapidly. [demonic
                  | ancestry]
    45 | D        | Reached XP level 3. HP: 35/35 MP: 3/3
    45 | D        | Gained mutation: You are partially covered in large bone
                  | plates. (SH +4) [demonic ancestry]
    45 | D        | Reached XP level 4. HP: 41/41 MP: 4/4
    47 | D        | Killed a black bear
    48 | D        | Reached skill level 8 in Fighting
    48 | D        | Reached XP level 5. HP: 49/49 MP: 5/5
    50 | D        | Killed a centaur
    51 | D        | Reached skill level 9 in Fighting
    53 | D        | Reached XP level 6. HP: 60/60 MP: 6/6
    55 | D        | Reached skill level 10 in Fighting
    61 | D        | Found a snail-covered altar of Cheibriados.
    61 | D        | Found a shadowy altar of Dithmenos.
    61 | D        | Found a blossoming altar of Fedhas.
    61 | D        | Found an opulent altar of Gozag.
    62 | D        | Found a hazy altar of Hepliaklqana.
    63 | D        | Found a viscous altar of Jiyva.
    64 | D        | Found an ancient bone altar of Kikubaaqudgha.
    65 | D        | Found a corrupted altar of Lugonu.
    66 | D        | Found a burning altar of Makhleb.
    67 | D        | Found a sparkling altar of Nemelex Xobeh.
    68 | D        | Found an iron altar of Okawaru.
    69 | D        | Found a stormy altar of Qazlal.
    70 | D        | Found a sacrificial altar of Ru.
    71 | D        | Found a shimmering blue altar of Sif Muna.
    72 | D        | Found a bloodstained altar of Trog.
    73 | D        | Found a hide-covered altar of Uskayaw.
    74 | D        | Found a radiant altar of Vehumet.
    75 | D        | Found an ornate altar of the Wu Jian Council.
    76 | D        | Found a shimmering altar of Xom.
    77 | D        | Found a basalt altar of Yredelemnul.
   107 | D        | Became a worshipper of Gozag Ym Sagoz the Greedy
   189 | D        | Noticed a two-headed ogre
   189 | D        | Noticed a troll
   204 | D        | Killed a troll
   205 | D        | Reached skill level 11 in Fighting
   205 | D        | Reached skill level 10 in Polearms
   205 | D        | Gained mutation: A demonic guardian rushes to your aid.
                  | [demonic ancestry]
   205 | D        | Reached XP level 7. HP: 41/68 MP: 7/7
   215 | D        | Mangled by a two-headed ogre

Illustrated notes

Levels and vault maps discovered:
D:        linesprint [early_d, line_temple, items_1, d_10, items_2, lair_1,
          lair_end, items_3, orc_1, orc_end, items_4, d_15, swamp_1, shoals_1,
          snake_1, spider_1, d_20, vaults_1, items_5, swamp_end, shoals_end,
          snake_end, spider_end, vaults_end, d_27, items_6, zot_1, zot_end,
          crypt_end, forest_end, elf_end, slime_end, tomb_end, abyss_end,
          pan_hell_end]

Skill      XL: |  1  2  3  4  5  6 |
---------------+-------------------+-----
Polearms       | 5 7 8 10 | 10.5
Fighting       | 6 8 9 11 | 11.6
Armour         | |  2.6
Shields        | |  2.6

Action                   |  1- 3 |  4- 6 |  7- 9 || total
-------------------------+-------+-------+-------++-------
Melee: Trident           |    19 |    10 |       ||    29
       Halberd           |       |    11 |    10 ||    21
  Use: Potion            |     1 |       |     1 ||     2
Armor: Scale mail        |     5 |     2 |       ||     7
       Chain mail        |       |     6 |     2 ||     8
Dodge: Dodged            |     5 |     5 |     2 ||    12
Block: Buckler           |     4 |     1 |       ||     5
       Other             |       |     1 |     2 ||     3

Table legend: (Time is in decaauts)
 A = Elapsed time spent in this place.
 B = Non-inter-level travel time spent in this place.
 C = Inter-level travel time spent in this place.
 D = Time resting spent in this place.
 E = Time spent auto-exploring this place.
 F = Levels seen in this place.
 G = Mean time per level.
                   A        B        C        D        E       F      G
               +--------+--------+--------+--------+--------+-----+--------+
         Total |    223 |    223 |      0 |     14 |      0 |   1 |  223.0 |
       Dungeon |    223 |    223 |      0 |     14 |      0 |   1 |  223.0 |
               +--------+--------+--------+--------+--------+-----+--------+

Top non-repeatable levels by time:
       D: 223 daAuts
